Map: Sueño eterno EE

Players

MrFercho

  • Race: Zerg Zerg
  • League: Silver
  • Spawn Location: 7:00

CarlFG - Winner!

  • Race: Terran Terran
  • League: Silver
  • Spawn Location: 1:00

VOD

Have the link to the VOD?

Description

Time

  • Played on: July 7, 2020, 7:46 p.m.
  • Length: 10:29
Show
View Real Time Build Order
Export as new Build Order

MrFercho Zerg 

Build Orders: Hatch First 

Get SALT Encoding   

  12  0:01  Drone  
  13  0:17  Overlord  
  13  0:21  Drone  
  14  0:36  Drone x2  
  16  0:45  Drone  
  17  0:57  Hatchery  
  17  0:59  Drone  
  17  1:01  Drone  
  18  1:16  Extractor  
  17  1:23  Spawning Pool, Drone x2  
  18  1:34  Drone  
  19  1:44  Drone  
  20  1:56  Overlord  
  20  2:05  Drone  
  21  2:16  Queen  
  21  2:17  Queen  
  21  2:19  Zergling x2  
  21  2:20  Zergling x2  
  27  2:29  Zergling x2  
  28  2:31  Drone  
  28  2:33  Drone  
  30  2:38  Drone  
  30  2:41  Drone  
  32  2:49  Drone  
  33  2:52  Drone  
  33  2:54  Metabolic Boost  
  34  3:00  Queen  
  36  3:06  Overlord x2  
  36  3:29  Drone x7  
  43  4:07  Hatchery  
  42  4:10  Zergling x2  
  42  4:11  Zergling x6  
  42  4:12  Zergling x4  
  42  4:13  Zergling x4  
  50  4:21  Drone x2  
  52  4:27  Overlord x3  
  52  4:56  Evolution Chamber  
  52  4:58  Lair  
  47  5:17  Drone x3  
  47  5:18  Drone x6  
  48  5:44  Spore Crawler  
  47  5:56  Extractor  
  46  5:59  Extractor  
  46  6:02  Extractor  
  44  6:11  Extractor  
  44  6:16  Drone x10  
  53  6:22  Zerg Missile Weapons Level 1  
  53  6:26  Hydralisk Den  
  53  6:29  Overlord x3  
  52  6:42  Overseer  
  52  6:57  Drone x2  
  54  7:04  Grooved Spines, Hydralisk  
  51  7:22  Spore Crawler  
  48  7:27  Hydralisk x3  
  52  7:40  Spore Crawler  
  47  7:57  Queen  
  45  8:12  Queen  
  42  8:13  Drone x10  
  42  8:15  Muscular Augments  
  52  8:48  Spore Crawler  
  52  8:49  Spore Crawler  
  52  8:51  Drone x3  
  52  8:52  Drone x3  
  56  9:05  Hydralisk x6, Baneling Nest  
  61  9:25  Hydralisk  
  61  9:26  Hydralisk x5  
  60  9:45  Queen  
  54  9:47  Zergling x8  
  50  10:01  Spine Crawler  
  47  10:09  Baneling  
Show
View Real Time Build Order
Export as new Build Order

CarlFG Terran - Winner!

Build Orders: Liberator Opening 

Get SALT Encoding   

  12  0:01  SCV  
  13  0:13  SCV  
  14  0:18  Supply Depot  
  14  0:25  SCV  
  15  0:40  Barracks  
  15  0:44  Refinery  
  15  0:45  SCV  
  17  0:57  SCV  
  17  1:09  SCV  
  18  1:18  Supply Depot  
  18  1:21  SCV  
  19  1:33  Orbital Command  
  19  1:37  Marine  
  20  1:52  Command Center  
  20  1:57  Marine  
  21  2:20  SCV  
  22  2:27  Factory  
  22  2:31  Barracks Reactor  
  22  2:32  SCV  
  22  2:37  Refinery  
  23  2:44  SCV  
  24  2:56  SCV  
  25  3:07  Bunker  
  25  3:08  SCV  
  25  3:12  Starport  
  26  3:19  Barracks Tech Lab  
  26  3:22  Hellion x2  
  26  3:23  SCV  
  26  3:26  Orbital Command  
  31  3:35  SCV  
  32  3:43  Hellion x2  
  32  3:47  SCV, Supply Depot  
  37  3:48  Marine  
  37  3:50  Stimpack  
  38  3:56  Liberator  
  38  3:59  SCV  
  42  4:06  SCV  
  42  4:11  SCV  
  42  4:13  Hellion  
  42  4:15  Hellion  
  47  4:18  SCV  
  47  4:23  SCV  
  49  4:29  Supply Depot, Barracks  
  49  4:30  SCV  
  50  4:35  SCV  
  51  4:45  SCV  
  52  4:47  SCV  
  53  4:53  Starport Tech Lab  
  53  4:57  SCV  
  53  4:59  SCV, Barracks  
  55  5:00  Engineering Bay  
  55  5:09  SCV  
  55  5:12  SCV  
  45  5:34  SCV  
  45  5:35  SCV  
  47  5:38  Refinery  
  47  5:39  Hellion x2  
  47  5:40  Marine  
  47  5:42  Liberator  
  56  5:47  SCV x2  
  58  5:50  Barracks Reactor  
  58  5:52  Barracks Reactor  
  58  5:55  Supply Depot x2  
  57  6:01  SCV x2  
  57  6:02  Marine  
  57  6:03  Hellion  
  59  6:13  SCV x2  
  61  6:25  Supply Depot, Barracks x3  
  64  6:26  Supply Depot  
  64  6:27  SCV x2, Engineering Bay  
  64  6:29  Engineering Bay  
  66  6:39  SCV x2  
  68  6:40  Terran Infantry Weapons Level 1  
  68  6:41  Marine x5  
  68  6:45  Medivac  
  72  6:51  SCV x2  
  74  7:00  Marauder  
  76  7:03  SCV x2  
  78  7:10  Command Center, Marine x4  
  78  7:14  Supply Depot  
  82  7:15  SCV, Medivac  
  82  7:16  SCV  
  82  7:20  Barracks Tech Lab  
  82  7:21  Barracks Reactor, Marine, Barracks Tech Lab  
  87  7:25  Combat Shield  
  87  7:30  Marine x4  
  91  7:39  Marine  
  91  7:41  SCV x2  
  94  7:45  Medivac  
  94  7:47  Marine x2  
  94  7:48  Marine x2  
  100  7:53  SCV x2  
  102  8:08  SCV x2, Marine x4  
  102  8:09  Marauder  
  102  8:12  Marine  
  108  8:15  Medivac  
  108  8:18  Supply Depot x2  
  110  8:21  SCV x2  
  110  8:22  Marauder  
  110  8:24  SCV  
  115  8:27  Terran Infantry Armor Level 1  
  115  8:29  Factory Tech Lab  
  115  8:30  Armory  
  115  8:32  Marine x4  
  115  8:33  SCV, Marauder, Marine x2  
  124  8:34  Supply Depot  
  124  8:35  Supply Depot  
  124  8:43  SCV  
  124  8:46  SCV, Planetary Fortress  
  126  8:55  SCV  
  127  8:56  Marine x2  
  127  8:57  Marine x6  
  127  8:58  SCV  
  136  9:06  Marauder, Siege Tank  
  136  9:07  SCV  
  142  9:15  SCV  
  143  9:19  SCV  
  143  9:20  Marine x3  
  143  9:21  Marine x4  
  151  9:34  Marauder x2  
  154  9:39  Widow Mine  
  154  9:41  Marine x6  
  154  9:42  Marine  
  161  9:54  Marine  
  161  9:58  Supply Depot  
Tags
 
Add a new tag
Caveats
  • Supply blocks, unpowered buildings, or Contaminate may cause inaccurate times.
  • Supply counts are checked every 10 seconds.